 Dungeon Crawl Stone Soup version 0.26-b1-32-g5d43845318 (webtiles) character file.

Game seed: 11926006337689200636

3824 Borgoz the Fighter (level 10, -1/88 HPs)
             Began as a Ghoul Gladiator on Jan 13, 2021.
             Was a Follower of Ashenzari.
             Slain by a wight
             ... wielding a +0 great sword of electrocution
              (10 damage)
             ... on level 9 of the Dungeon.
             The game lasted 00:10:04 (12124 turns).

Borgoz the Fighter (Ghoul Gladiator)               Turns: 12124, Time: 00:10:04

Health: -1/88      AC:  7    Str: 20    XL:     10   Next: 17%
Magic:  9/9        EV: 14    Int:  3    God:    Ashenzari [*.....]
Gold:   384        SH:  0    Dex: 12    Spells: 9/9 levels left

rFire    + . .     SeeInvis .   d - +0 morningstar (vorpal)
rCold    + . .     Faith    .   (no shield)
rNeg     + + +     Spirit   .   r - +0 ring mail {rF+}
rPois    ∞         Reflect  .   c - +0 helmet
rElec    .         Harm     .   (no cloak)
rCorr    .         Rampage  .   (no gloves)
Will     +....                  (no boots)
Stlth    +.........             (no amulet)
HPRegen  0.00/turn              t - ring of willpower
MPRegen  0.11/turn              (no ring)

@: no status effects
A: claws 1, cold resistance 1, negative energy resistance 3, inhibited
regeneration, torment resistance, unbreathing
a: Renounce Religion, Curse Item, Scrying


You were on level 9 of the Dungeon.
You worshipped Ashenzari.
Ashenzari was aware of your devotion.
You visited 2 branches of the dungeon, and saw 10 of its levels.

You collected 444 gold pieces.
You spent 60 gold pieces at shops.

Inventory:

Hand Weapons
 d - a +0 vorpal morningstar (weapon)
Armour
 c - a +0 helmet (worn)
 r - a +0 ring mail of fire resistance (worn)
Jewellery
 t - a ring of willpower (left claw)
Wands
 f - a wand of acid (4)
 j - a wand of paralysis (7)
 p - a wand of iceblast (6)
Scrolls
 a - a scroll of identify
 b - a scroll of enchant weapon {unknown}
 e - 2 scrolls of fog {unknown}
 i - a scroll of amnesia {unknown}
 k - 2 scrolls of fear {unknown}
 l - 3 scrolls of teleportation
 o - 2 scrolls of remove curse
 v - a scroll of magic mapping {unknown}
 w - a scroll of enchant armour {unknown}
Potions
 g - a potion of haste
 h - a potion of lignification {unknown}
 m - a potion of cancellation {unknown}
 n - 2 potions of curing {unknown}
 q - a potion of magic
 s - 3 potions of flight
 u - a potion of brilliance {unknown}


   Skills:
 + Level 8.1 Fighting
 + Level 7.1 Maces & Flails
 - Level 1.7 Throwing
 + Level 6.4 Armour
 + Level 7.1 Dodging


You had 9 spell levels left.
You didn't know any spells.
Your spell library was empty.

Dungeon Overview and Level Annotations

Branches:
Dungeon (9/15)             Temple (1/1) D:5
   Lair: D:8-11         Orc: D:9-12

Altars:
Ashenzari
Cheibriados
Dithmenos
Elyvilon
Fedhas
Gozag
Hepliaklqana
Kikubaaqudgha
Makhleb
Nemelex Xobeh
Okawaru
Qazlal
Ru
Sif Muna
Trog
Uskayaw
Vehumet
Wu Jian
Xom
Yredelemnul
Zin
The Shining One

Shops:
D:4 ?   D:7 !

Annotations:
D:9 3 runed translucent doors, Borgoz's ghost, journeyman GrGl


Innate Abilities, Weirdness & Mutations

You thrive by killing the living.
You are immune to poison.
You have sharp fingernails.
Your flesh is cold resistant. (rC+)
You are immune to negative energy. (rN+++)
You do not regenerate when monsters are visible.
You are immune to unholy pain and torment.
You can survive without breathing.


Message History

The wight is moderately damaged.
The wight hits you with a +0 falchion.
A wight comes into view. It is wielding a +3 falchion.
A wight comes into view.
It is wielding a +0 great sword of electrocution.
You puncture the wight!
You destroy the wight!
You closely miss the wight. The wight closely misses you.
You hit the wight.
The wight is heavily damaged.
A wight comes into view. It is wielding a +1 halberd.
The wight hits you with a +3 falchion!
You puncture the wight!
You destroy the wight!
You closely miss the wight.
The wight hits you with a +0 great sword of electrocution.
You are electrocuted!!
* * * LOW HITPOINT WARNING * * *
The wight misses you. The wight hits you but does no damage.
You are electrocuted!
You die...

###.##.......###+++###.#
#....................#.#
#.#.......#.......#.##.####
#.##.#.##.#....z..........#
#<##.........##.##..##..#.#
#.####.##.##.##.###.....#.##
#.####.##.##.##z# #..#..#..#
#......##..[z)..#....#.....#
#####..###.@...##.#..#.....#
#.## #.}...## #....##.##
####.# #.....# #..#.##.#
#.)..# #.....# .. #.##.#
#.#### #.....# # #.##.# #.#
####### #.##.##.# #.#
#.......# #.#
##########.#### #.#
########.......##.#


You could see 2 wights.

Vanquished Creatures
  A two-headed ogre (D:9)
  Erica (D:8)
  Sigmund (D:2)
  A black bear (D:7)
  An orc warrior (D:9)
  2 centaurs
  4 ogres
  4 bullfrogs
  A gnoll sergeant (D:8)
  A scorpion (D:5)
  4 killer bees (D:8)
  3 wights (D:9)
  2 howler monkeys (D:4)
  A hound (D:4)
  3 bullfrog skeletons
  A gnoll shaman (D:6)
  5 orc priests
  3 orc wizards (D:9)
  2 centaur skeletons (D:6)
  Terence (D:3)
  2 iguanas (D:5)
  3 worker ants
  2 hound skeletons
  A howler monkey zombie (D:4)
  8 gnolls
  A howler monkey skeleton (D:4)
  7 adders
  4 shadow imps
  A white imp (D:5)
  2 ufetubi
  An adder skeleton (D:4)
  An adder zombie (D:7)
  4 worms
  3 dart slugs
  8 leopard geckos
  17 orcs
  9 giant cockroaches
  9 goblins
  6 hobgoblins
  2 jackals (D:3)
  3 quokkas
  9 bats
  2 frilled lizards
  A kobold (D:2)
  6 rats
154 creatures vanquished.

Vanquished Creatures (others)
  5 fungi (D:5)
  6 plants (D:9)
11 creatures vanquished.

Grand Total: 165 creatures vanquished

Notes
Turn   | Place    | Note
-------+----------+-------------------------------------------
     0 | D:1      | Borgoz the Ghoul Gladiator began the quest for the Orb.
     0 | D:1      | Reached XP level 1. HP: 17/17 MP: 0/0
   334 | D:1      | Reached XP level 2. HP: 25/25 MP: 1/1
   565 | D:1      | Reached skill level 1 in Armour
   701 | D:1      | Reached XP level 3. HP: 30/30 MP: 2/2
   728 | D:1      | You fall into a shaft and drop 1 floor!
  1743 | D:2      | Noticed Sigmund
  1781 | D:2      | Killed Sigmund
  1782 | D:2      | Reached skill level 3 in Fighting
  1782 | D:2      | Reached XP level 4. HP: 3/40 MP: 3/3
  1782 | D:2      | Reached XP level 5. HP: 4/46 MP: 4/4
  1782 | D:2      | Reached XP level 6. HP: 5/52 MP: 5/5
  2618 | D:3      | Reached skill level 4 in Fighting
  3039 | D:3      | Noticed Terence
  3055 | D:3      | Killed Terence
  3713 | D:4      | Reached XP level 7. HP: 44/59 MP: 6/6
  4698 | D:4      | Found Uxantu's Magic Scroll Shop.
  4701 | D:4      | Bought a scroll of identify for 24 gold pieces
  4701 | D:4      | Bought a scroll of teleportation for 36 gold pieces
  4779 | D:4      | Reached skill level 5 in Fighting
  4780 | D:4      | Found a shimmering blue altar of Sif Muna.
  5023 | D:4      | Reached XP level 8. HP: 62/68 MP: 7/7
  5174 | D:5      | Entered Level 5 of the Dungeon
  6342 | D:5      | Reached skill level 5 in Maces & Flails
  6342 | D:5      | Reached skill level 5 in Dodging
  6468 | D:5      | Found a staircase to the Ecumenical Temple.
  6495 | Temple   | Entered the Ecumenical Temple
  6793 | Temple   | Became a worshipper of Ashenzari the Shackled
  8329 | D:6      | Reached * piety under Ashenzari
  8587 | D:6      | Reached skill level 6 in Fighting
  8672 | D:7      | Found Zinipha's Distillery.
  9653 | D:7      | Reached XP level 9. HP: 18/78 MP: 8/8
 10150 | D:8      | Reached skill level 5 in Armour
 10169 | D:8      | Noticed Erica
 10198 | D:8      | Killed Erica
 10199 | D:8      | Reached skill level 7 in Fighting
 11204 | D:8      | Noticed a troll
 11721 | D:9      | Found a runed translucent gate.
 11721 | D:9      | Found a runed translucent gate.
 11722 | D:9      | Found a runed translucent gate.
 11722 | D:9      | Noticed Borgoz's ghost (journeyman GrGl)
 11722 | D:9      | Noticed a ten-headed hydra
 11722 | D:9      | Noticed a ten-headed hydra
 11731 | D:9      | Noticed a two-headed ogre
 11745 | D:9      | Killed a two-headed ogre
 11746 | D:9      | Reached skill level 8 in Fighting
 11746 | D:9      | Reached XP level 10. HP: 53/88 MP: 9/9
 11936 | D:9      | HP: 1/88 [orc warrior/+0 hand axe (15)]
 12124 | D:9      | Slain by a wight

Illustrated notes

Levels and vault maps discovered:
D:1:      dpeg_arrival_round_b, layout_loops_ring, minmay_cut_off
D:2:      layout_basic, uniq_sigmund
D:3:      layout_loops_cross, uniq_terence
D:4:      cheibrodos_barr_body, layout_rooms, marbit_many_paths, serial_shops,
          kennysheep_mini
D:5:      layout_loops_cross, minmay_temple_entry_drinking_statues,
          serial_aquarium, aquarium_bridge_square [aquarium_subvault_wall,
          aquarium_subvault_bridge, aquarium_subvault_wall,
          aquarium_subvault_window], aquarium_window_fake, aquarium_window_fake,
          aquarium_view_2e, aquarium_view_2f, aquarium_balcony_1a,
          aquarium_pool_2
D:6:      layout_basic
D:7:      layout_loops_ring, serial_shops, shop
D:8:      layout_basic, basic_altar, serial_park_tiny_pond, uniq_maggie,
          uniq_erica
D:9:      layout_loops_cross, gammafunk_ghost_hydra_chop, basic_altar,
          minmay_misc_feat_columns, nicolae_ru_great_annihilating_truth
Temple:   regret_index_temple_sigil_plot

Skill      XL: |  1  2  3  4  5  6  7  8  9 |
---------------+----------------------------+-----
Armour         | 1 2 3 4 6 |  6.4
Dodging        | 3 4 5 7 |  7.1
Maces & Flails | 3 4 5 7 |  7.1
Fighting       | 3 4 5 6 8 |  8.1
Throwing       | |  1.7

Action                   |  1- 3 |  4- 6 |  7- 9 | 10-12 || total
-------------------------+-------+-------+-------+-------++-------
Melee: Flail             |    12 |       |   201 |       ||   213
       Whip              |   122 |   200 |   332 |       ||   654
       Morningstar       |       |       |     7 |    31 ||    38
Throw: Throwing net      |       |       |    14 |       ||    14
Evoke: Wand              |       |       |     1 |       ||     1
  Use: Potion            |     4 |       |     3 |     1 ||     8
       Scroll            |     1 |       |     5 |       ||     6
 Stab: Sleeping          |       |     1 |       |       ||     1
       Held in net/web   |       |       |     3 |       ||     3
       Distracted        |       |       |     1 |       ||     1
       Paralysed         |       |       |     5 |       ||     5
Armor: Leather armour    |    42 |    46 |    28 |       ||   116
       Ring mail         |       |       |    93 |     9 ||   102
Dodge: Dodged            |    75 |   118 |   387 |    19 ||   599
